 Dungeon Crawl Stone Soup version 0.28-a0-43-g560ac104fe (webtiles) character file.

Game seed: 13135831659502033992

508 Sobieck the Skirmisher (level 7, -2/45 HPs)
             Began as a Tengu Hunter on July 28, 2021.
             Was a Follower of Okawaru.
             Slain by a killer bee (3 damage)
             ... on level 4 of the Dungeon.
             The game lasted 00:09:16 (4374 turns).

Sobieck the Skirmisher (Tengu Hunter)               Turns: 4374, Time: 00:09:16

Health: -2/45      AC:  7    Str: 14    XL:     7   Next: 18%
Magic:  0/8        EV: 12    Int: 12    God:    Okawaru [*.....]
Gold:   115        SH:  0    Dex: 12    Spells: 6/6 levels left

rFire   . . .      SeeInvis +   b - +0 scimitar {long}
rCold   + . .      Faith    .   (no shield)
rNeg    + . .      Spirit   +   m - +0 scale mail
rPois   .          Reflect  .   (helmet restricted)
rElec   .          Harm     .   (no cloak)
rCorr   +          Rampage  .   q - +0 pair of gloves
Will    .....                   (boots unavailable)
Stlth   ..........              A - amulet of guardian spirit
HPRegen 0.15/turn               g - ring "Emefin" {Fly rC+ rCorr Dex-2 SInv}
MPRegen 0.11/turn               l - ring of positive energy

@: mighty, lethally poisoned (-2 -> -6), flying quickly and evasively, quick
A: beak, talons 3, nimble flight
a: Renounce Religion, Heroism


You were on level 4 of the Dungeon.
You worshipped Okawaru.
Okawaru was aware of your devotion.
You visited 1 branch of the dungeon, and saw 4 of its levels.

You collected 115 gold pieces.


Innate Abilities, Weirdness & Mutations

You have a beak for a mouth.
You have claws for feet.
Your magical nature lets you fly swiftly and evasively.


   Skills:
 + Level 5.8 Fighting
 + Level 5.6 Bows
 - Level 2.0 Armour
 + Level 3.8 Dodging
 - Level 1.0 Stealth


You had 6 spell levels left.
You didn't know any spells.
Your spell library contained the following spells:

 Spells                   Type           Power      Damage    Failure   Level
 Sting                    Tmut/Pois      0%         1d3       80%         1
 Poisonous Vapours        Pois/Air       0%         N/A       91%         2
 Frozen Ramparts          Ice            0%         1d2       99%         3
 Ice Form                 Ice/Tmut       0%         N/A       100%        4
 Olgreb's Toxic Radiance  Pois           0%         N/A       100%        4
 Summon Ice Beast         Ice/Summ       0%         N/A       100%        4
 Freezing Cloud           Conj/Ice/Air   0%         6-21      100%        5
 Simulacrum               Ice/Necr       0%         N/A       100%        6
 Polar Vortex             Ice            0%         N/A       100%        9

Inventory:

Hand Weapons
 a - a +1 shortbow {bow}
 b - a +0 scimitar (weapon) {long}
   (You took it off Blork the orc on level 4 of the Dungeon)
 p - a +1 falchion {long}
   (You found it on level 2 of the Dungeon)
 s - a +0 short sword {short}
Missiles
 d - 17 arrows
 e - 2 boomerangs (quivered) {throwing}
 i - 80 stones {throwing}
 j - 14 bolts
 k - 14 sling bullets
 t - 8 poisoned darts {throwing}
Armour
 c - a +0 leather armour
 m - a +0 scale mail (worn)
   (You found it on level 1 of the Dungeon)
 q - a +0 pair of gloves (worn)
   (You found it on level 2 of the Dungeon)
 x - a +2 leather armour of cold resistance
   (You took it off an orc on level 3 of the Dungeon)
Magical Staves
 y - a staff of cold {!astaff}
   (You found it on level 3 of the Dungeon)
Jewellery
 g - the ring "Emefin" (left hand) {Fly rC+ rCorr Dex-2 SInv}
   (You acquired it on level 3 of the Dungeon)

   [ring of protection from cold]

   Dex:       It affects your dexterity (-2).
   rC:        It protects you from cold.
   SInv:      It lets you see invisible.
   Fly:       It grants you flight.
   rCorr:     It protects you from acid and corrosion.
 l - a ring of positive energy (right hand)
   (You took it off a hobgoblin on level 4 of the Dungeon)
 A - an amulet of guardian spirit (around neck)
   (You found it on level 3 of the Dungeon)
Wands
 u - a wand of polymorph (5)
   (You took it off Ijyb on level 3 of the Dungeon)
 w - a wand of digging (6)
   (You found it on level 3 of the Dungeon)
Scrolls
 n - a scroll of noise {!r}
 r - 2 scrolls of identify {@r1}
Potions
 f - 2 potions of might
 o - a potion of brilliance
 v - 2 potions of degeneration {!q@e2}
 B - a potion of heal wounds {unknown}

Dungeon Overview and Level Annotations

Branches:
Dungeon (4/15)
 Temple: D:4-7

Altars:
Okawaru

Annotations:
D:2 1 runed translucent door, Crazy Yiuf
D:3 exclusion: downstairs

# ##..#.#......
######...#.....#.#
##...#..##.##.##
##.#.#..##.....#.#
...#...###.......#
######.###.#######
.......#...#..yyy#
########.#.g...#y#
###......#.#####@#
.##....y....?.g..#
.##......#.#######
.##......#.#
###.....g#..
##.......#.
#....... .#
(...g.. #


You could see 3 killer bees and a gnoll.


Message History

You slash the iguana!
You kill the iguana!
Okawaru accepts your kill. 😕 HP[+1]
You start resting. 😎 HP[+1]
Your hp is fully restored (45).
There is a stone staircase leading up here.
A killer bee is nearby!
A gnoll comes into view. It is wielding a +0 whip.
The killer bee buzzes angrily.
The gnoll shouts!
A gnoll comes into view. It is wielding a +0 flail.
The killer bee buzzes angrily.
The gnoll shouts!
A gnoll comes into view. It is wielding a +0 club.
The killer bee buzzes angrily.
The killer bee stings you. 😕 HP[-3] MP[-1]
You take 3 damage, and now have 42/45 hp.
You lost 1 mp, and now have 7/8 mp.
The killer bee stings you.
You are poisoned.
The killer bee poisons you!
The killer bee barely misses you. x2; You riposte.
You miss the killer bee. Your kick misses the killer bee.
Your peck misses the killer bee. 😕 HP[-1] MP[-1]
You take 1 damage, and now have 41/45 hp.
You lost 1 mp, and now have 6/8 mp.
You feel very sick. The killer bee barely misses you.
The killer bee stings you. 😮 HP[-8]
You take 8 damage, and now have 33/45 hp.
You feel sick. 😮 HP[-1]
You take 1 damage, and now have 32/45 hp.
Unknown command.
You feel sick.
The killer bee barely misses you. 😮 HP[-1]
You take 1 damage, and now have 31/45 hp.
You feel sick.
The killer bee stings you but does no damage.
The killer bee stings you. 😮 HP[-4]
You take 4 damage, and now have 27/45 hp.
Unknown command.
The killer bee closely misses you. The killer bee barely misses you.
You feel sick. The killer bee completely misses you.
You riposte.
You barely miss the killer bee. Your kick misses the killer bee.
Your peck misses the killer bee.
You feel sick.
The killer bee stings you but does no damage. 😮 HP[-1]
You take 1 damage, and now have 26/45 hp.
You feel very mighty all of a sudden.
You feel sick. The killer bee closely misses you.
You riposte.
You barely miss the killer bee. Your kick misses the killer bee.
The killer bee stings you but does no damage. 😮 HP[-1] MP[+1]
You take 1 damage, and now have 25/45 hp.
Your scale mail prevents you from hitting the killer bee.
You feel sick.
You are no longer poisoned.
The killer bee stings you.
* * * LOW HITPOINT WARNING * * *
You are poisoned.
The killer bee poisons you!
The killer bee stings you but does no damage.
The killer bee misses you.
You riposte.
You closely miss the killer bee. 😨 HP[-4] MP[-1]
You take 4 damage, and now have 21/45 hp.
You lost 1 mp, and now have 6/8 mp.
You closely miss the killer bee. Your kick misses the killer bee.
You feel very sick.
The killer bee stings you but does no damage.
The killer bee stings you!
* * * LOW HITPOINT WARNING * * *
😨 HP[-9] MP[-2]
You take 9 damage, and now have 12/45 hp.
You lost 2 mp, and now have 4/8 mp.
You slash the killer bee!
You feel sick. The killer bee misses you. The killer bee completely misses you.
The killer bee stings you but does no damage. 😱 HP[-2]
You take 2 damage, and now have 10/45 hp.
Unknown command.
You feel better. The killer bee stings you!
* * * LOW HITPOINT WARNING * * *
You are poisoned.
The killer bee poisons you! The killer bee stings you!
* * * LOW HITPOINT WARNING * * *
😱 HP[-5] MP[-2]
You take 5 damage, and now have 5/45 hp.
You lost 2 mp, and now have 2/8 mp.
You miss the killer bee. Your peck misses the killer bee.
* * * LOW HITPOINT WARNING * * *
You feel very sick. The killer bee barely misses you.
You riposte.
You miss the killer bee. Your peck misses the killer bee.
The killer bee stings you.
* * * LOW HITPOINT WARNING * * *
The killer bee stings you.
You die...

Skill      XL: |  1  2  3  4  5  6 |
---------------+-------------------+-----
Fighting       | 3 4 5 |  5.8
Armour         | 1 2 |  2.0
Dodging        | 3 |  3.8
Bows           | 5 |  5.6
Stealth        | |  1.0

Action                   |  1- 3 |  4- 6 |  7- 9 || total
-------------------------+-------+-------+-------++-------
Melee: Short sword       |    62 |    10 |       ||    72
       Kick              |     9 |    32 |       ||    41
       Peck              |     4 |    20 |       ||    24
       Falchion          |       |   101 |       ||   101
       Scimitar          |       |    16 |     6 ||    22
 Fire: Shortbow          |     5 |    21 |       ||    26
Throw: Boomerang         |       |    18 |       ||    18
  Use: Potion            |       |     3 |     2 ||     5
       Scroll            |       |     8 |       ||     8
 Stab: Sleeping          |     1 |       |       ||     1
Armor: Leather armour    |    20 |       |       ||    20
       Scale mail        |       |    47 |     6 ||    53
       Skin              |       |     4 |       ||     4
Dodge: Dodged            |    66 |    74 |    13 ||   153
       Rpst.: Falchion   |       |    24 |       ||    24
       Scimitar          |       |     4 |     5 ||     9

Levels and vault maps discovered:
D:1:      tarquinn_simple_flora_water_a, layout_rooms
D:2:      layout_loops_corners, basic_altar, dreamdust_ecumenical_altar_grove,
          serial_park_tiny_pond, glass_columns_a, minmay_misc_feat_rows,
          kennysheep_jessica_study, uniq_crazy_yiuf_cottage
D:3:      layout_basic, uniq_ijyb
D:4:      layout_basic, nicolae_underground_beach, uniq_blork_the_orc

Notes
Turn   | Place    | Note
-------+----------+-------------------------------------------
     0 | D:1      | Sobieck the Tengu Hunter began the quest for the Orb.
     0 | D:1      | Reached XP level 1. HP: 12/12 MP: 2/2
     0 | D:1      | magus.rc [v1.9.6]
    17 | D:1      | You pick up a book of Ice and begin reading...
    17 | D:1      | You add the spells Freezing Cloud, Simulacrum and Polar
                  | Vortex to your library.
    87 | D:1      | Reached XP level 2. HP: 18/18 MP: 3/3
   234 | D:1      | Reached skill level 3 in Fighting
   446 | D:1      | Reached XP level 3. HP: 21/23 MP: 4/4
   718 | D:2      | Found an iron altar of Okawaru.
   743 | D:2      | Became a worshipper of Warmaster Okawaru
   776 | D:2      | You add the spells Sting, Poisonous Vapours and Olgreb's
                  | Toxic Radiance to your library.
  1029 | D:2      | Noticed Jessica
  1038 | D:2      | Killed Jessica
  1039 | D:2      | Reached skill level 4 in Fighting
  1039 | D:2      | Reached XP level 4. HP: 29/29 MP: 5/5
  1159 | D:2      | Found a faded altar of an unknown god.
  1555 | D:2      | Found a runed translucent door.
  1556 | D:2      | Noticed Crazy Yiuf
  2186 | D:3      | Noticed Ijyb
  2201 | D:3      | Killed Ijyb
  2345 | D:3      | Reached skill level 5 in Fighting
  2450 | D:3      | Gained mutation: Your magical nature lets you fly swiftly
                  | and evasively. [Tengu growth]
  2450 | D:3      | Reached XP level 5. HP: 20/35 MP: 6/6
  2819 | D:3      | Reached skill level 1 in Armour
  3281 | D:3      | HP: 4/35 [killer bee (5)]
  3282 | D:3      | HP: 1/35 [poisoned by a killer bee]
  3286 | D:3      | Reached XP level 6. HP: 9/40 MP: 3/7
  3674 | D:3      | Identified a scroll of acquirement
  3674 | D:3      | Acquired the ring "Emefin" {Fly rC+ rCorr Dex-2 SInv}
  3824 | D:4      | Noticed Blork the orc
  3830 | D:4      | Noticed a necrophage
  3837 | D:4      | Killed Blork the orc
  3838 | D:4      | Reached skill level 3 in Dodging
  3841 | D:4      | Killed a necrophage
  3841 | D:4      | Reached * piety under Okawaru
  3842 | D:4      | Reached skill level 5 in Bows
  3842 | D:4      | Reached skill level 2 in Armour
  4102 | D:4      | You pick up a book of Rime and begin reading...
  4102 | D:4      | You add the spells Frozen Ramparts, Ice Form and Summon Ice
                  | Beast to your library.
  4222 | D:4      | Noticed a necrophage
  4232 | D:4      | Killed a necrophage
  4233 | D:4      | Reached XP level 7. HP: 44/45 MP: 6/8
  4372 | D:4      | HP: 10/45 [poisoned by a killer bee]
  4374 | D:4      | HP: 2/45 [poisoned by a killer bee]
  4374 | D:4      | Slain by a killer bee

Vanquished Creatures
  2 necrophages (D:4)
  Blork the orc (D:4)
  A killer bee (D:3)
  2 orc priests (D:3)
  Jessica (D:2)
  An iguana (D:4)
  Ijyb (D:3)
  2 adders
  4 worms (D:3)
  A dart slug (D:1)
  3 orcs (D:3)
  11 ball pythons
  5 endoplasms
  2 giant cockroaches
  7 goblins
  8 hobgoblins
  2 quokkas
  9 bats
  2 frilled lizards
  5 kobolds
  3 rats
73 creatures vanquished.

Table legend:
 A = Non-vault XP
 B = Vault XP
 C = Vault XP percentage of total XP
 D = Non-vault monster count
 E = Vault monster count
 F = Vault count percentage of total count
                 A         B        C        D         E       F
            +---------+---------+-------+---------+---------+-------
      Total |     567 |     160 |  22.0 |      69 |       4 |   5.5
            +---------+---------+-------+---------+---------+-------
        D:1 |      40 |       0 |   0.0 |      25 |       0 |   0.0
        D:2 |      23 |      39 |  62.9 |       6 |       2 |  25.0
        D:3 |     191 |      36 |  15.9 |      22 |       1 |   4.3
        D:4 |     313 |      85 |  21.4 |      16 |       1 |   5.9
            +---------+---------+-------+---------+---------+-------

Illustrated notes

Table legend:
 A = Kills in this place as a percentage of kills in entire the game.
 B = Kills by you in this place as a percentage of kills by you in the entire game.
 C = Kills by friends in this place as a percentage of kills by friends in the entire game.
 D = Other kills in this place as a percentage of other kills in the entire game.
 E = Experience gained in this place as a percentage of experience gained in the entire game.
 F = Experience gained in this place divided by the number of levels of this place that you have seen.
                   A       B       C       D       E      F
               +-------+-------+-------+-------+-------+----------------------
         Total | 100.0 | 100.0 |   N/A |   N/A | 100.0 | 181.8
       Dungeon | 100.0 | 100.0 |   N/A |   N/A | 100.0 | 181.8
               +-------+-------+-------+-------+-------+----------------------

Table legend: (Time is in decaauts)
 A = Elapsed time spent in this place.
 B = Non-inter-level travel time spent in this place.
 C = Inter-level travel time spent in this place.
 D = Time resting spent in this place.
 E = Time spent auto-exploring this place.
 F = Levels seen in this place.
 G = Mean time per level.
                   A        B        C        D        E       F      G
               +--------+--------+--------+--------+--------+-----+--------+
         Total |   4328 |   4165 |    163 |    602 |   2897 |   4 | 1082.0 |
       Dungeon |   4328 |   4165 |    163 |    602 |   2897 |   4 | 1082.0 |
               +--------+--------+--------+--------+--------+-----+--------+

Top non-repeatable levels by time:
     D:3: 1884 daAuts
     D:2: 958 daAuts
     D:4: 765 daAuts
     D:1: 720 daAuts
